 Dungeon Crawl Stone Soup version 0.21-a0-507-ga8f6b7a (webtiles) character file.

107 esteth the Skirmisher (level 5, -7/42 HPs)
             Began as a Formicid Abyssal Knight on Nov 27, 2017.
             Was a Believer of Lugonu.
             Killed by divine providence
             ... invoked by an orc priest
              (14 damage)
             ... on level 2 of the Dungeon.
             The game lasted 00:07:27 (3653 turns).

esteth the Skirmisher (Formicid Abyssal Knight)     Turns: 3653, Time: 00:07:28

Health: -7/42      AC:  4    Str: 17    XL:     5   Next: 10%
Magic:  7/7        EV: 11    Int: 12    God:    Lugonu [**....]
Gold:   141        SH:  0    Dex: 10    Spells: 4/4 levels left

rFire    . . .     SeeInvis +   a - +1 spear
rCold    . . .     Gourm    .   (no shield)
rNeg     . . .     Faith    .   b - +0 leather armour
rPois    .         Spirit   .   (helmet unavailable)
rElec    .         Reflect  .   (no cloak)
rCorr    .         Harm     .   (no gloves)
MR       .....                  u - +0 pair of boots
Stlth    +.........             (no amulet)
HPRegen  0.14/turn              (no ring)
MPRegen  0.10/turn              (no ring)

@: no status effects
A: permanent stasis, dig shafts and tunnels, four strong arms, antennae 3
a: Dig, Shaft Self, Depart the Abyss, Bend Space, Renounce Religion


You were on level 2 of the Dungeon.
You worshipped Lugonu.
Lugonu was pleased with you.
You were hungry.

You visited 1 branch of the dungeon, and saw 4 of its levels.
You visited the Abyss 1 time.

You collected 141 gold pieces.

Inventory:

Hand Weapons
 a - a +1 spear (weapon)
Armour
 b - a +0 leather armour (worn)
 u - a +0 pair of boots (worn)
Jewellery
 r - an uncursed ring of fire
Scrolls
 d - 3 scrolls of identify
 g - a scroll of teleportation {unknown}
 j - a scroll of amnesia {unknown}
 l - a scroll of fear {unknown}
 m - a scroll of remove curse {unknown}
 p - a scroll of random uselessness {unknown}
 s - a scroll of enchant weapon {unknown}
 v - a scroll of blinking {unknown}
Potions
 e - a potion of heal wounds {unknown}
 f - a potion of flight {unknown}
 h - a potion of brilliance {unknown}
 i - a potion of might {unknown}
 n - a potion of lignification {unknown}
 q - a potion of magic {unknown}
Comestibles
 c - 2 bread rations
 o - a royal jelly
 t - 3 meat rations


   Skills:
 + Level 4.1 Fighting
 + Level 3.0 Polearms
 - Level 2.6 Armour
 - Level 1.3 Dodging
 + Level 3.5 Invocations


You had 4 spell levels left.
You didn't know any spells.

Dungeon Overview and Level Annotations

Branches:
Dungeon (4/15)
 Temple: D:4-7

Altars:
Hepliaklqana
Makhleb


Innate Abilities, Weirdness & Mutations

You cannot be hasted, slowed, berserked, paralysed or teleported.
You can dig through walls and to a lower floor.
Your four strong arms can wield two-handed weapons with a shield.
You have a pair of large antennae on your head. (SInv)


Message History

The orc priest is lightly wounded.
The orc priest hits you with a morningstar.
* * * LOW HITPOINT WARNING * * *
You hit the orc priest.
The orc priest is heavily wounded.
The orc priest hits you but does no damage.
You hit the orc priest but do no damage.
The orc priest is heavily wounded.
The orc priest hits you with a morningstar.
* * * LOW HITPOINT WARNING * * *
You completely miss the orc priest.
The orc priest is heavily wounded.
The orc priest closely misses you.
You hit the orc priest.
The orc priest is heavily wounded.
You hit the orc priest.
The orc priest is severely wounded.
The orc priest mumbles some strange prayers to Beogh against you.
Beogh smites you!
You die...

#.# #..##.# #... #.#
#.###.# #... #.# #.#
#.# #.#.
#.####.###.# #.#.
#..........###.#.
######.######....
######<..#......#.
#o)).......#.#.##)
#@####...#...#.##.
###[#####........#..
#.....# #########...
#.###.# #..# #^# #.#
#..# #.###.# #..#
#.....# #..# #####.#
#..# #.# #..#


You could see an orc priest.

Vanquished Creatures
  An orc wizard (D:2)
  2 adders
  A dart slug (D:1)
  2 leopard geckos
  6 orcs
  2 giant cockroaches (D:1)
  8 goblins
  6 hobgoblins
  13 jackals
  2 bats
  A frilled lizard (D:1)
  A kobold (D:1)
  2 rats (D:1)
47 creatures vanquished.

Notes
Turn   | Place    | Note
-------+----------+-------------------------------------------
     0 | Abyss:1  | esteth the Formicid Abyssal Knight began the quest for the Orb.
     0 | Abyss:1  | Reached XP level 1. HP: 18/18 MP: 2/2
    66 | Abyss:1  | Noticed a sixfirhy
    99 | Abyss:1  | Noticed a quasit
   105 | Abyss:1  | Noticed a large abomination
   106 | D:1      | Escaped the Abyss
   212 | D:1      | Reached skill level 1 in Dodging
   222 | D:1      | Reached XP level 2. HP: 5/24 MP: 3/3
   592 | D:1      | Reached * piety under Lugonu
   857 | D:1      | Reached XP level 3. HP: 29/29 MP: 4/4
  1760 | D:2      | Found a hazy altar of Hepliaklqana.
  1821 | D:2      | Found a burning altar of Makhleb.
  2077 | D:2      | Reached XP level 4. HP: 27/37 MP: 6/6
  3109 | D:2      | Reached skill level 4 in Fighting
  3255 | D:2      | Reached ** piety under Lugonu
  3255 | D:2      | Reached XP level 5. HP: 41/42 MP: 7/7
  3653 | D:2      | Killed from afar by an orc priest

Vault maps used:
D:1:      dpeg_arrival_brainrot, minmay_distorted
D:2:      lightli_temple_of_fire, lemuel_round_altar
D:4:      portal_sewer_entry_a, first_bread, kennysheep_potato

Skill      XL: |  1  2  3  4 |
---------------+-------------+-----
Dodging        | 1 |  1.3
Invocations    | 3 |  3.5
Fighting       | 4 |  4.1
Polearms       | 3 |  3.0
Armour         | |  2.6

Action                   |  1- 3 |  4- 6 || total
-------------------------+-------+-------++-------
Melee: Spear             |   129 |    80 ||   209
Invok: Depart the Abyss  |     1 |       ||     1
 Abil: Dig               |     1 |       ||     1
  Use: Scroll            |     2 |       ||     2
       Potion            |       |     4 ||     4
 Stab: Sleeping          |     1 |       ||     1
  Eat: Chunk             |     4 |     4 ||     8
Armor: Leather armour    |    35 |    26 ||    61
Dodge: Dodged            |    80 |    49 ||   129

Table legend:
 A = Spawn XP
 B = Non-spawn XP
 C = Spawn XP percentage of total XP
 D = Spawn monster count
 E = Non-spawn monster count
 F = Spawn count percentage of total count
 G = Total turns spent on level
                    A         B        C        D         E        F      G
               +---------+---------+-------+---------+---------+-------+---------
         Total |       0 |     153 |   0.0 |       0 |      47 |   0.0 |  3653
               +---------+---------+-------+---------+---------+-------+---------
           D:1 |       0 |      40 |   0.0 |       0 |      22 |   0.0 |  1495
           D:2 |       0 |      88 |   0.0 |       0 |      19 |   0.0 |  1706
           D:3 |       0 |      25 |   0.0 |       0 |       6 |   0.0 |   344
               +---------+---------+-------+---------+---------+-------+---------
